 Dungeon Crawl Stone Soup version 0.28.0-1-gb440e238dd (webtiles) character file.

Game seed: 1644272987081432946

7846 dolemite99 the Prestidigitator (level 11, -9/91 HPs)
             Began as a Purple Draconian Artificer on Feb 18, 2022.
             Was an Elder of Dithmenos.
             Mangled by an ice beast (11 damage)
             ... summoned by an ice statue
             ... on level 10 of the Dungeon on Feb 19, 2022.
             The game lasted 00:42:51 (15231 turns).

dolemite99 the Prestidigitator (DrAr)              Turns: 15231, Time: 00:42:52

Health: -9/91      AC:  9    Str: 18    XL:     11   Next: 2%
Magic:  11/11      EV: 13    Int: 11    God:    Dithmenos [****..]
Gold:   338        SH:  4    Dex: 13    Spells: 1/10 levels left

rFire   . . .      SeeInvis .   b - +0 whip (flame)
rCold   . . .      Faith    .   B - +0 buckler
rNeg    . . .      Spirit   .   (armour unavailable)
rPois   .          Reflect  .   (helmet restricted)
rElec   .          Harm     .   (no cloak)
rCorr   .          Rampage  .   p - +1 pair of gloves
Will    +....                   (no boots)
Stlth   ++........              (no amulet)
HPRegen 0.25/turn               (no ring)
MPRegen 0.12/turn               (no ring)

@: short of breath, slowed, wreathed by umbra, very slow
A: breathe power, AC +7, unfitting armour, cold-blooded
a: Breathe Dispelling Energy, Renounce Religion, Shadow Step


You were on level 10 of the Dungeon.
You worshipped Dithmenos.
Dithmenos was greatly pleased with you.
You visited 1 branch of the dungeon, and saw 10 of its levels.

You collected 466 gold pieces.
You spent 128 gold pieces at shops.

Inventory:

Hand Weapons
 a - a +1 hunting sling
 b - a +0 whip of flaming (weapon)
 u - a +3 flail
 w - a +0 dagger of draining
 y - a +0 flail of holy wrath
 D - a +2 dagger of venom
 P - a +4 dagger
Missiles
 e - 16 poisoned darts (quivered)
 i - 264 stones
 l - 22 boomerangs
 n - 64 bolts
 r - 8 atropa-tipped darts
 s - a throwing net
Armour
 p - a +1 pair of gloves (worn)
 B - a +0 buckler (worn)
Magical Staves
 M - a staff of poison
Jewellery
 f - the amulet "Vinkeut" {Spirit -Cast rPois Slay+3}
   (You found it on level 4 of the Dungeon)

   [amulet of guardian spirit]

   It causes incoming damage to be divided between your reserves of health and
   magic.
   Slay:      It affects your accuracy & damage with ranged weapons and melee
   (+3).
   rPois:     It protects you from poison.
   -Cast:     It prevents spellcasting.
 g - an amulet of regeneration
 h - an amulet of reflection
 H - a ring of see invisible
 N - a ring of flight
Wands
 z - a wand of polymorph (3)
Scrolls
 m - 3 scrolls of vulnerability
 A - a scroll of fear
 L - a scroll of blinking
Potions
 j - a potion of berserk rage {unknown}
 k - a potion of brilliance
 q - 2 potions of flight
 t - a potion of curing
 v - a potion of degeneration {unknown}
 x - 4 potions of attraction
 E - a potion of ambrosia {unknown}
Miscellaneous
 d - a piece from Xom's chessboard (2/15)


   Skills:
 - Level 6.9 Fighting
 - Level 2.0 Short Blades
 - Level 2.0 Maces & Flails
 - Level 6.9 Slings
 + Level 4.2 Dodging
 - Level 0.8 Stealth
 - Level 3.2 Shields
 - Level 5.9 Hexes
 - Level 5.3 Ice Magic
 - Level 11.1 Evocations


You had one spell level left.
You knew the following spells:

 Your Spells              Type           Power      Damage    Failure   Level
a - Call Imp              Summ           0%         N/A       56%         2
b - Ensorcelled Hibernat  Hex/Ice        24%        N/A       7%          2
c - Dazzling Flash        Conj/Hex       12%        N/A       38%         3
d - Poisonous Vapours     Pois/Air       0%         N/A       56%         2

Your spell library contained the following spells:

 Spells                   Type           Power      Damage    Failure   Level
 Magic Dart               Conj           0%         1d3       43%         1
 Sandblast                Erth           0%         2d4       43%         1
 Sting                    Tmut/Pois      0%         1d3       43%         1
 Passwall                 Tmut/Erth      0%         N/A       56%         2
 Ignite Poison            Fire/Tmut/Pois 0%         N/A       80%         3
 Mephitic Cloud           Conj/Pois/Air  0%         N/A       80%         3
 Stone Arrow              Conj/Erth      0%         3d7       80%         3
 Swiftness                Air            0%         N/A       80%         3
 Hailstorm                Conj/Ice       5%         3d4       85%         4
 Ice Form                 Ice/Tmut       5%         N/A       85%         4
 Silence                  Hex/Air        3%         N/A       98%         5
 Olgreb's Toxic Radiance  Pois           0%         N/A       99%         4
 Freezing Cloud           Conj/Ice/Air   1%         6-21      99%         5
 Agony                    Necr           0%         N/A       100%        5
 Simulacrum               Ice/Necr       2%         N/A       100%        6


Dungeon Overview and Level Annotations

Branches:
Dungeon (10/15)            Temple (0/1) D:5
   Lair: D:8-11         Orc: D:9-12

Altars:
Ashenzari
Dithmenos
Elyvilon
Yredelemnul
Zin

Shops:
D:8 *   D:9 (

Annotations:
D:1 1 runed translucent door
D:6 1 runed translucent door, Renzlar's ghost, novice GnFi
D:10 exclusion: ice statue


Innate Abilities, Weirdness & Mutations

You can breathe bolts of dispelling energy.
Your rich purple scales are hard. (AC +7)
You cannot fit into any form of body armour.
You are cold-blooded and may be slowed by cold attacks.


Message History

The bolt of dispelling energy misses the ice beast.
The bolt of dispelling energy hits the ice beast.
The ice beast is moderately wounded.
The ice beast's magical effects unravel!
The ice beast misses you.
You make a move on Xom's chessboard...
The ice beast flickers and vanishes!
Deactivating autopickup; reactivate with Ctrl-A.
You block something's attack.
Okay, then.
Your +0 whip of flaming bursts into flame!
b - a +0 whip of flaming (weapon)
You block something's attack.
You hit something.
You melt something.
Your tail-slap misses something.
Your shadow barely misses something.
Something completely misses you.
You closely miss something. You tail-slap something.
You block something's attack.
You hit something but do no damage. Something hits you. Something freezes you.
You feel yourself slow down.
You closely miss something. Something barely misses you.
You hit something.
You melt something.
You feel yourself speed up. Something hits you but does no damage.
Something hits you. Something freezes you!
* * * LOW HITPOINT WARNING * * *
You hit something.
You melt something.
Something hits you but does no damage.
You hit something.
You melt something.
Your shadow hits something but does no damage.
Something hits you.
* * * LOW HITPOINT WARNING * * *
Something freezes you!
* * * LOW HITPOINT WARNING * * *
You miss something. Something hits you.
* * * LOW HITPOINT WARNING * * *
Something freezes you.
You feel yourself slow down.
* * * LOW HITPOINT WARNING * * *
You feel yourself speed up. Something hits you.
* * * LOW HITPOINT WARNING * * *
Something freezes you!
You feel yourself slow down.
You die...

#.## #.# ##..# #.#
##...# #.#
##....###.#
##......##.#
#Y......##.#
.....#..##.# .8(.
#..##.######## (..
#...(....Y.@.########
#)
####..####{.........#
# ##...###...######.#
###.............# #.#
........#...##.###.#
####..####..[)......#
#.........##.##### .
#.......####.#### #
##'###### #....#


You could see an ice beast (summoned).

Vanquished Creatures
  Harold (D:10)
  A hydra (D:9)
  A two-headed ogre (D:9)
  Pikel (D:3)
  A cyclops (D:7)
  A troll (D:10)
  A wraith (D:9)
  5 yaks
  Eustachio (D:4)
  2 steam dragons
  An acid dragon (D:10)
  2 ice beasts
  An orc warrior (D:9)
  2 ogres (D:7)
  A sky beast (D:7)
  A phantom (D:7)
  A kobold brigand (D:9)
  2 bullfrogs (D:8)
  8 scorpions
  A wyvern zombie (D:7)
  A water moccasin skeleton (D:4)
  11 killer bees
  A howler monkey (D:8)
  4 jellies
  A bullfrog skeleton (D:5)
  2 orc priests
  7 hounds
  4 iguanas
  7 orc wizards
  Natasha (thrice) (D:4)
  A howler monkey skeleton (D:6)
  3 gnolls
  10 adders
  A white imp (D:4)
  An ufetubus (D:4)
  A worm (D:3)
  A dart slug (D:3)
  31 orcs
  13 endoplasms
  4 giant cockroaches
  6 goblins
  7 hobgoblins
  7 jackals
  17 kobolds
  3 quokkas
  2 ball pythons
  6 bats
  6 frilled lizards
  5 rats
201 creatures vanquished.

Vanquished Creatures (collateral kills)
  2 yaks (D:10)
  A hound (D:5)
  2 gnolls (D:10)
  A bat (D:8)
6 creatures vanquished.

Vanquished Creatures (others)
  A two-headed ogre (D:10)
  A yak (D:10)
  An acid dragon (D:9)
  A black bear (D:5)
  A lemure (D:3)
  A killer bee (D:8)
  An orc wizard (D:9)
  An orc (D:8)
  A kobold (D:9)
  12 fungi
  10 toadstools (D:2)
31 creatures vanquished.

Grand Total: 238 creatures vanquished

Notes
Turn   | Place    | Note
-------+----------+-------------------------------------------
     0 | D:1      | dolemite99 the Draconian Artificer began the quest for the
                  | Orb.
     0 | D:1      | Reached XP level 1. HP: 16/16 MP: 1/1
     3 | D:1      | Found a runed translucent door.
   119 | D:1      | Reached XP level 2. HP: 23/23 MP: 2/2
   445 | D:1      | Reached skill level 4 in Evocations
   745 | D:2      | Reached XP level 3. HP: 16/28 MP: 3/3
  1521 | D:2      | Reached skill level 5 in Evocations
  1521 | D:2      | Reached XP level 4. HP: 35/35 MP: 4/4
  1541 | D:2      | Reached XP level 5. HP: 33/40 MP: 5/5
  1837 | D:2      | Found a faded altar of an unknown god.
  1839 | D:2      | Reached skill level 6 in Evocations
  1863 | D:2      | Prayed at the altar of an unknown god.
  1863 | D:2      | Became a worshipper of Dithmenos the Shadowed
  1863 | D:2      | Reached * piety under Dithmenos
  3024 | D:4      | Noticed Pikel
  3024 | D:4      | Noticed a lemure
  3024 | D:4      | Noticed a lemure
  3024 | D:4      | Noticed a lemure
  3024 | D:4      | Noticed a lemure
  3054 | D:3      | Killed Pikel
  3055 | D:3      | Reached skill level 5 in Slings
  3055 | D:3      | Reached XP level 6. HP: 25/47 MP: 6/6
  3055 | D:3      | Your scales start taking on a rich purple colour.
  3055 | D:3      | Reached XP level 7. HP: 27/52 MP: 7/7
  3320 | D:4      | Identified the amulet "Vinkeut" {Spirit -Cast rPois Slay+3}
  3450 | D:4      | Noticed Natasha
  3461 | D:4      | Killed Natasha
  3569 | D:4      | Noticed Natasha
  3576 | D:4      | Killed Natasha
  3798 | D:4      | Noticed Eustachio
  3812 | D:4      | Killed Eustachio
  3812 | D:4      | Reached ** piety under Dithmenos
  4567 | D:4      | Noticed Natasha
  4578 | D:4      | Killed Natasha
  4579 | D:4      | Reached XP level 8. HP: 50/59 MP: 8/8
  4762 | D:4      | Found a broken altar of Ashenzari.
  4838 | D:5      | Entered Level 5 of the Dungeon
  4948 | D:5      | Reached skill level 1 in Maces & Flails
  4981 | D:5      | Found a staircase to the Ecumenical Temple.
  6112 | D:5      | Found a glowing silver altar of Zin.
  6119 | D:5      | Found a basalt altar of Yredelemnul.
  6669 | D:6      | Noticed Renzlar's ghost (novice GnFi)
  6771 | D:6      | Found a runed translucent door.
  6994 | D:6      | Reached skill level 7 in Evocations
  7441 | D:6      | Reached skill level 8 in Evocations
  7463 | D:6      | Reached XP level 9. HP: 61/73 MP: 9/9
  7551 | D:6      | Learned a level 2 spell: Call Imp
  8034 | D:7      | Noticed a cyclops
  8047 | D:7      | Killed a cyclops
  8048 | D:7      | Reached skill level 9 in Evocations
  8115 | D:7      | Reached *** piety under Dithmenos
  8116 | D:7      | Reached skill level 10 in Evocations
  9152 | D:7      | Reached skill level 11 in Evocations
 10129 | D:7      | Learned a level 2 spell: Ensorcelled Hibernation
 10133 | D:7      | Learned a level 3 spell: Dazzling Flash
 10479 | D:8      | Reached skill level 5 in Fighting
 10485 | D:8      | Reached XP level 10. HP: 81/81 MP: 10/10
 10776 | D:8      | Found Jaeczou's General Store.
 10792 | D:8      | Bought a potion of invisibility for 128 gold pieces
 11248 | D:8      | Reached **** piety under Dithmenos
 11586 | D:9      | Found Dukooros's Weapon Boutique.
 12017 | D:9      | Learned a level 2 spell: Poisonous Vapours
 12110 | D:9      | Noticed a five-headed hydra
 12124 | D:9      | Killed a five-headed hydra
 12266 | D:9      | Noticed a two-headed ogre
 12303 | D:9      | Killed a two-headed ogre
 12304 | D:9      | Reached skill level 5 in Hexes
 12442 | D:9      | Found a white marble altar of Elyvilon.
 12660 | D:10     | Entered Level 10 of the Dungeon
 12895 | D:10     | Reached skill level 1 in Ice Magic
 14364 | D:10     | Noticed Harold
 15028 | D:10     | Noticed a two-headed ogre
 15072 | D:10     | Killed Harold
 15073 | D:10     | Reached skill level 5 in Ice Magic
 15073 | D:10     | Reached XP level 11. HP: 67/91 MP: 11/11
 15073 | D:10     | Upgraded the game from 0.28.0 to 0.28.0-1-gb440e238dd
 15231 | D:10     | HP: 2/91 [something (4)]
 15231 | D:10     | Mangled by an ice beast

Illustrated notes

Levels and vault maps discovered:
D:1:      dpeg_arrival_caged_fury, layout_basic
D:2:      cheibrodos_fertilizer, layout_basic, chequers_ecumenical_altar_island,
          wad_floor_pattern_untrapped
D:3:      layout_loops_ring
D:4:      layout_layer_cave, mainiacjoe_overflow_alcove_4,
          amcnicky_mini_rare_corridor_liquid, uniq_eustachio, uniq_pikel,
          uniq_natasha
D:5:      wander_river, layout_basic, minitemple, minmay_temple_entry_arrows
D:6:      layout_loops_cross, hellmonk_ghost_happy_afterlife
D:7:      layout_layer_cave
D:8:      old_forge, layout_rooms, serial_shops, nicolae_shop_stone
D:9:      layout_small_grid, lemuel_doored_altar, serial_shops,
          nicolae_shop_bloodbath_and_beyond, minivault_16
D:10:     minmay_separated_statues, layout_loops_corners, uniq_grum,
          uniq_maurice, uniq_harold

Skill      XL: |  1  2  3  4  5  6  7  8  9 10 |
---------------+-------------------------------+-----
Evocations     | 4 5 6 8 11 | 11.1
Slings         | 5 6 |  6.9
Maces & Flails | 2 |  2.0
Fighting       | 4 5 6 |  6.9
Shields        | 3 |  3.2
Dodging        | 4 |  4.2
Short Blades   | 2 |  2.0
Hexes          | 5 |  5.9
Ice Magic      | 5 |  5.3
Stealth        | |  0.8

Action                   |  1- 3 |  4- 6 |  7- 9 | 10-12 || total
-------------------------+-------+-------+-------+-------++-------
Melee: Club              |     7 |     2 |       |       ||     9
       Whip              |       |       |    26 |     8 ||    34
       Dagger            |       |       |     5 |    56 ||    61
       Tailslap          |       |       |     2 |    13 ||    15
       Staff             |       |       |       |    12 ||    12
 Fire: Hunting sling     |   105 |    76 |   345 |   151 ||   677
Throw: Dart              |       |       |       |     6 ||     6
 Abil: Breathe Dispellin |       |       |    26 |    16 ||    42
Evoke: Wand              |    12 |     6 |    29 |    26 ||    73
       Piece from Xom's  |       |     2 |     2 |    17 ||    21
  Use: Scroll            |     4 |     4 |     9 |     5 ||    22
       Potion            |       |       |     1 |     6 ||     7
 Stab: Paralysed         |       |       |       |    30 ||    30
       Sleeping          |       |       |       |     3 ||     3
Armor: Skin              |    16 |    10 |    91 |    51 ||   168
Dodge: Dodged            |    39 |    25 |   175 |   145 ||   384
Block: Buckler           |       |       |    38 |    38 ||    76
